 Dungeon Crawl Stone Soup version 0.20.0 (webtiles) character file.

343 Llamajah the Covered (level 6, -1/50 HPs)
             Began as a Barachi Fighter on June 21, 2017.
             Slain by a hound (5 damage)
             ... on level 3 of the Dungeon.
             The game lasted 00:09:54 (2192 turns).

Llamajah the Covered (Barachi Fighter)              Turns: 2192, Time: 00:09:57

Health: -1/50      AC:  7    Str: 24    XL:     6   Next: 57%
Magic:  6/6        EV: 12    Int:  8    God:
Gold:   115        SH:  0    Dex: 12    Spells: 5/5 levels left

rFire    . . .     SeeInvis .   a - +0 long sword
rCold    . . .     Gourm    .   (no shield)
rNeg     . . .     Faith    .   b - +0 scale mail
rPois    .         Spirit   .   (no helmet)
rElec    .         Reflect  .   (no cloak)
rCorr    .         Harm     .   (no gloves)
MR       +....                  (no boots)
Stlth    ..........             i - amulet of regeneration
Regen    0.6/turn               e - ring of protection from magic
MPRegen  0.1/turn               (no ring)

@: mighty, slow
A: +LOS, swims, slowness 1, strong legs 1
a: Hop


You were on level 3 of the Dungeon.
You were not hungry.

You visited 1 branch of the dungeon, and saw 3 of its levels.

You collected 115 gold pieces.

Inventory:

Hand Weapons
 a - a +0 long sword (weapon)
 s - a +0 morningstar
Armour
 b - a +0 scale mail (worn)
 c - a +0 shield
Jewellery
 e - a ring of protection from magic (left hand)
 i - an amulet of regeneration (around neck)
Wands
 p - a wand of acid (7/15)
Scrolls
 g - 4 scrolls of identify {unknown}
 h - a scroll of amnesia {unknown}
 l - a scroll of blinking {unknown}
 m - 2 scrolls of enchant armour {unknown}
 r - a scroll of enchant weapon {unknown}
Potions
 d - a potion of might
 k - 3 potions of heal wounds {unknown}
 o - a potion of invisibility {unknown}
Comestibles
 f - 4 bread rations
 j - a royal jelly
 n - a meat ration


   Skills:
 + Level 4.8 Fighting
 + Level 4.1 Long Blades
 + Level 5.2 Armour
 * Level 4.2 Dodging
 - Level 3.2 Shields


You had 5 spell levels left.
You didn't know any spells.

Dungeon Overview and Level Annotations

Branches:
Dungeon (3/15)

Altars:


Innate Abilities, Weirdness & Mutations

Shadows flee at your approach. (+LOS)
You can swim through water.
You cover ground slowly.
You can hop short distances.


Message History

Your scale mail prevents you from hitting zilverxoul's ghost.
Zilverxoul's ghost is severely damaged.
Zilverxoul's ghost misses you.
You riposte.
You barely miss zilverxoul's ghost.
Zilverxoul's ghost is severely damaged.
Zilverxoul's ghost hits you!
* * * LOW HITPOINT WARNING * * *
You slash zilverxoul's ghost!
You destroy zilverxoul's ghost!
Your Long Blades skill increases to level 4!
Your Armour skill increases to level 5!
Your Dodging skill increases to level 4!
You have reached level 6!
Your experience leads to an increase in your attributes!
Your base attributes are Str 18, Int 8, Dex 12.
Increase (S)trength, (I)ntelligence, or (D)exterity?
You feel stronger. The hound bites you.
* * * LOW HITPOINT WARNING * * *
The hound bites you.
You die...

#.#####.......
#......<..###.
#..#####..###. ###
#...#......... #####.#
##......###### #.....#
#.##.#.#
##.###.####.#..#.#
#........##.#..#.#
###....h@..##.##.#.#
..........>...#..#.#
#####....#..#####.##.#
#........#......#.##.#####
#........#.####.#.##.....#
#........#......#.######.#
#........#####..#....# #.#
#........#.<....####.# #.#
#######........#####..#
#(###.#


You could see a hound.

Vanquished Creatures
  The ghost of zilverxoul the Cudgeler, an amateur DsFi (D:3)
  A jelly (D:2)
  An orc wizard (D:3)
  4 adders
  9 oozes
  2 worms
  A dart slug (D:1)
  7 orcs (D:3)
  7 bats
  A giant cockroach (D:2)
  4 goblins
  7 hobgoblins
  A jackal (D:1)
  13 kobolds
  2 quokkas
  A ball python (D:2)
  4 frilled lizards (D:1)
  9 rats
75 creatures vanquished.

Vanquished Creatures (others)
  3 fungi (D:2)
  14 toadstools
17 creatures vanquished.

Grand Total: 92 creatures vanquished

Notes
Turn   | Place    | Note
-------+----------+-------------------------------------------
     0 | D:1      | Llamajah the Barachi Fighter began the quest for the Orb.
     0 | D:1      | Reached XP level 1. HP: 18/18 MP: 1/1
   336 | D:1      | Reached XP level 2. HP: 24/25 MP: 2/2
   380 | D:1      | Reached skill level 4 in Armour
   777 | D:1      | Reached skill level 1 in Dodging
   941 | D:2      | Reached XP level 3. HP: 17/30 MP: 3/3
  1297 | D:2      | Reached XP level 4. HP: 8/37 MP: 4/4
  1748 | D:2      | Reached XP level 5. HP: 32/42 MP: 5/5
  2185 | D:3      | Noticed zilverxoul's ghost (amateur DsFi)
  2192 | D:3      | Killed zilverxoul's ghost
  2192 | D:3      | Reached skill level 5 in Armour
  2192 | D:3      | Reached XP level 6. HP: 5/50 MP: 6/6
  2192 | D:3      | Slain by a hound

Skill      XL: |  1  2  3  4  5 |
---------------+----------------+-----
Armour         | 4 5 |  5.2
Dodging        | 1 2 4 |  4.2
Fighting       | 4 |  4.8
Long Blades    | 3 4 |  4.1
Shields        | |  3.2

Action                   |  1- 3 |  4- 6 || total
-------------------------+-------+-------++-------
Melee: Long sword        |   121 |   108 ||   229
 Abil: Hop               |       |     2 ||     2
  Use: Potion            |       |     1 ||     1
  Eat: Chunk             |     2 |     4 ||     6
Armor: Scale mail        |    74 |    59 ||   133
Dodge: Dodged            |    71 |    80 ||   151
       Rpst.: Long sword |    20 |    26 ||    46
